 Dungeon Crawl Stone Soup version 0.32-a0-540-g866d13106e (webtiles) character file.

Game seed: 8830926531547697406

3019 grandjackal the Fighter (level 9, -7/75 HPs)
             Began as a Demonspawn Gladiator on Feb 29, 2024.
             Was a Believer of Ru.
             Killed from afar by Erica (21 damage)
             ... with a bolt of poison
             ... on level 8 of the Dungeon.
             The game lasted 00:10:23 (7302 turns).

grandjackal the Fighter (Demonspawn Gladiator)      Turns: 7302, Time: 00:10:24

Health: -7/75      AC:  8    Str: 16    XL:     9   Next: 55%
Magic:  9/9        EV:  2    Int:  9    God:    Ru [**....]
Gold:   364        SH:  0    Dex: 21    Spells: 8/8 levels left

rFire   . .          .
                       - Unarmed
rCold   + . .        (no shield)
rNeg    . . .        i - +0 ring mail
rPois   .            c - +0 helmet
rElec   .            j - +0 cloak
rCorr   .            (no gloves)
SInv    .            B - +0 pair of boots
Will    .....        (no amulet)
Stlth   +++++        q - ring of protection from cold
HPRegen 0.32/turn    (no ring)
MPRegen 0.11/turn

%: no passive effects
@: lethally poisoned (-7 -> -27), wreathed by umbra, constricted
A: thin skeletal structure 2, powered by death 1, inability to use devices,
demonic touch 1, foul shadow 1
a: Renounce Religion


You were on level 8 of the Dungeon.
You worshipped Ru.
Ru was pleased with you.
You visited 1 branch of the dungeon, and saw 8 of its levels.

You collected 364 gold pieces.

Inventory:

Missiles
 e - a javelin
 u - 18 poisoned darts
Armour
 c - a +0 helmet (worn)
 i - a +0 ring mail (worn)
 j - a +0 cloak (worn)
 B - a +0 pair of boots (worn)
Jewellery
 q - a ring of protection from cold (left hand)
Wands
 b - a wand of flame (16)
Scrolls
 h - a scroll of identify
 k - a scroll of torment {unknown}
 m - 4 scrolls of revelation {unknown}
 n - a scroll of enchant weapon {unknown}
 o - a scroll of brand weapon {unknown}
 p - a scroll of amnesia
 t - 2 scrolls of blinking {unknown}
 v - 3 scrolls of fear
 w - a scroll of silence {unknown}
 y - 2 scrolls of fog {unknown}
 D - a scroll of vulnerability {unknown}
Potions
 a - a potion of curing
 f - 2 potions of ambrosia
 g - 3 potions of brilliance
 l - 2 potions of resistance
 x - a potion of degeneration {unknown}
 z - a potion of invisibility {unknown}
 A - a potion of enlightenment
 C - a potion of attraction {unknown}


   Skills:
 + Level 8.9 Fighting
 - Level 4.3 Long Blades
 - Level 2.0 Throwing
 - Level 3.0 Dodging
 - Level 5.0 Stealth
 + Level 7.0 Unarmed Combat


You had 8 spell levels left.
You didn't know any spells.
Your spell library contained the following spells:

 Spells                   Type           Power      Damage    Failure   Level
 Summon Small Mammal      Summ           0%         N/A       61%         1
 Blink                    Tloc           0%         N/A       75%         2
 Lesser Beckoning         Tloc           0%         N/A       75%         2
 Momentum Strike          Conj/Tloc      0%         3d8       75%         2
 Call Canine Familiar     Summ           0%         N/A       93%         3
 Summon Blazeheart Golem  Fire/Summ      0%         N/A       100%        4


Dungeon Overview and Level Annotations

Branches:
Dungeon (8/15)             Temple (0/1) D:7
   Lair: D:8-11

Altars:
Cheibriados
Dithmenos
Gozag
Nemelex Xobeh
Okawaru
Ru
Sif Muna
Trog
Uskayaw

Shops:
D:4 (

Annotations:
D:8 Erica


Innate Abilities, Weirdness & Mutations

You have a moderately thin skeletal structure. (Dex +4, Stealth++)
You regenerate a little health from kills.
You cannot study or use magical devices.
Your touch may inflict minor irresistible damage on your foes.
You are faintly shadowed, very rarely releasing foul flame when damaged in melee.


Message History

You cannot evoke magical items.
You feel much better.
Throw: 2 throwing nets
Press: ? - help, Q - select action, (/) - cycle Shift-Dir - straight line, f/p - Erica
Aim: Erica, wielding a +4 scimitar of flaming and wearing a ring of willpower (moderately wounded, umbra, 56% to hit)
You throw a throwing net. The throwing net barely misses Erica.
Unknown command.
Throw: throwing net
Press: ? - help, Q - select action, (/) - cycle Shift-Dir - straight line, f/p - Erica
Aim: Erica, wielding a +4 scimitar of flaming and wearing a ring of willpower (moderately wounded, umbra, 56% to hit)
You throw a throwing net. The throwing net closely misses Erica.
Erica hits you but does no damage. Erica barely misses you.
You hit Erica.
Erica is moderately wounded.
Erica hits you with a +4 scimitar of flaming!
Erica burns you!
* * * LOW HITPOINT WARNING * * *
Erica barely misses you.
You barely miss Erica. Your touch misses Erica.
Erica is moderately wounded.
Erica hits you with a +4 scimitar of flaming!
* * * LOW HITPOINT WARNING * * *
Erica burns you.
* * * LOW HITPOINT WARNING * * *
Erica barely misses you.
You feel much better.
Erica hits you with a +4 scimitar of flaming!
* * * LOW HITPOINT WARNING * * *
Erica burns you.
* * * LOW HITPOINT WARNING * * *
Erica grabs you. Erica constricts you.
* * * LOW HITPOINT WARNING * * *
You punch Erica!
Erica is heavily wounded.
Erica stares at you and mumbles some strange words.
The bolt of poison hits you!!
You are lethally poisoned!
You die...
Erica begins burbling mirthfully and uncontrollably.
Ru respects your ultimate sacrifice.

....... .......
#.#####..## .......
##.........# )......
#..........# .......
##..........# .......
#...........#
####...###.....<.....#
.............>.#
##((.....x@....#
#...##..†......#
#######....#.........#
#........(...........#
#.#####.#.#.####.##.##
#.# ...#.#..# #.# .#
..# #.....##..##.. #
).##...#### #.####.
#.#...# .# ..


You could see Erica.

Vanquished Creatures
  Maurice (D:7)
  Prince Ribbit (D:7)
  2 water moccasins
  An orc warrior (D:7)
  3 sky beasts
  2 black bears (D:4)
  2 ogres
  2 centaurs
  A kobold brigand (D:8)
  Blork the orc (D:6)
  3 bullfrogs
  A howler monkey (D:7)
  5 bombardier beetles
  An orc priest (D:6)
  4 hounds
  A jelly (D:7)
  Ijyb (D:5)
  3 gnoll boudas
  2 iguanas (D:5)
  4 orc wizards
  3 sleepcaps
  Robin (D:5)
  12 gnolls
  9 adders
  A shadow imp (D:8)
  A white imp (D:8)
  2 ufetubi (D:6)
  2 dart slugs
  21 orcs
  7 bats
  7 endoplasms
  A giant cockroach (D:1)
  11 goblins
  10 hobgoblins
  3 jackals (D:3)
  6 quokkas
  11 ball pythons
  7 frilled lizards
  12 kobolds
  5 rats
173 creatures vanquished.

Notes
Turn   | Place    | Note
-------+----------+-------------------------------------------
     0 | D:1      | grandjackal the Demonspawn Gladiator began the quest for
                  | the Orb.
     0 | D:1      | Reached XP level 1. HP: 16/16 MP: 1/1
    48 | D:1      | You fall into a shaft and drop 1 floor!
   179 | D:1      | Found a faded altar of an unknown god.
   192 | D:1      | Got Plato's Catalogue of the Retinue
   281 | D:1      | Gained mutation: You regenerate a little health from kills.
                  | [demonic ancestry]
   281 | D:1      | Reached XP level 2. HP: 22/22 MP: 2/2
   743 | D:1      | Gained mutation: You are faintly shadowed, very rarely
                  | releasing foul flame when damaged in melee. [demonic
                  | ancestry]
   743 | D:1      | Reached XP level 3. HP: 27/28 MP: 3/3
  1642 | D:3      | Reached skill level 3 in Fighting
  1804 | D:3      | Found a hide-covered altar of Uskayaw.
  1884 | D:3      | Gained mutation: You have a somewhat thin skeletal
                  | structure. (Dex +2, Stealth+) [demonic ancestry]
  1884 | D:3      | Reached XP level 4. HP: 32/35 MP: 4/4
  1907 | D:3      | Found a snail-covered altar of Cheibriados.
  2220 | D:4      | Reached skill level 1 in Stealth
  2220 | D:4      | Reached XP level 5. HP: 42/42 MP: 5/5
  2274 | D:4      | Noticed a black bear
  2291 | D:4      | Killed a black bear
  2292 | D:4      | Reached skill level 4 in Fighting
  2298 | D:4      | Gained mutation: Your touch may inflict minor irresistible
                  | damage on your foes. [demonic ancestry]
  2298 | D:4      | Reached XP level 6. HP: 28/48 MP: 6/6
  2539 | D:4      | Found an opulent altar of Gozag.
  2544 | D:4      | Reached skill level 1 in Unarmed Combat
  2800 | D:4      | Reached skill level 5 in Fighting
  3074 | D:4      | Gained mutation: You have a moderately thin skeletal
                  | structure. (Dex +4, Stealth++) [demonic ancestry]
  3074 | D:4      | Reached XP level 7. HP: 35/56 MP: 7/7
  3446 | D:4      | Found Atorr's Weapon Boutique.
  3512 | D:5      | Entered Level 5 of the Dungeon
  3705 | D:5      | Noticed Robin
  3705 | D:5      | Noticed Ijyb
  3723 | D:5      | Killed Ijyb
  3740 | D:5      | Killed Robin
  3920 | D:5      | Reached skill level 6 in Fighting
  4469 | D:6      | Reached XP level 8. HP: 64/64 MP: 8/8
  4723 | D:6      | Noticed Blork the orc
  4735 | D:6      | Killed Blork the orc
  4820 | D:6      | Found a bloodstained altar of Trog.
  4824 | D:6      | Found an iron altar of Okawaru.
  4832 | D:6      | Found a shimmering blue altar of Sif Muna.
  4834 | D:6      | Found a sacrificial altar of Ru.
  4849 | D:6      | Became a worshipper of Ru the Awakened
  4873 | D:6      | Found a sparkling altar of Nemelex Xobeh.
  5490 | D:7      | Reached skill level 7 in Fighting
  5490 | D:7      | Reached skill level 5 in Stealth
  5680 | D:7      | Reached skill level 5 in Unarmed Combat
  5977 | D:7      | Noticed Prince Ribbit
  5993 | D:7      | Killed Prince Ribbit
  5994 | D:7      | Reached XP level 9. HP: 26/74 MP: 9/9
  6186 | D:7      | Found a staircase to the Ecumenical Temple.
  6215 | D:7      | Reached skill level 8 in Fighting
  6410 | D:7      | Noticed Maurice
  6581 | D:7      | Something stole 3 throwing nets
  6582 | D:7      | Something stole 330 gold
  6594 | D:7      | Killed Maurice
  7057 | D:8      | Gained mutation: You cannot study or use magical devices.
                  | [Ru sacrifice]
  7057 | D:8      | Reached * piety under Ru
  7057 | D:8      | Reached ** piety under Ru
  7209 | D:8      | Found a shadowy altar of Dithmenos.
  7282 | D:8      | Noticed Erica
  7302 | D:8      | Killed from afar by Erica

Illustrated notes

Levels and vault maps discovered:
D:1:      minmay_arrival_open_corners, layout_basic,
          shapermc_ecumenical_altar_rom_forum, minmay_unequal
D:2:      minmay_chambers_of_twos, layout_basic
D:3:      layout_basic, lemuel_coloured_pillars_altar, slow_altar_1,
          solitary_fountain
D:4:      layout_basic, mainiacjoe_overflow_alcove_4,
          mainiacjoe_overflow_surrounded_room, serial_shops, kennysheep_mini,
          st_stairs_14
D:5:      layout_gridville, nicolae_goblin_pals
D:6:      layout_cave_pods, lemuel_round_altar,
          nicolae_overflow_macrodata_refinement, minmay_splitting_lines,
          minivault_19, corexii_leaking_fountain, hex_medium,
          dk_rats_in_the_wall, uniq_blork_the_orc
D:7:      nicolae_cairo_tiling_large, layout_rooms,
          minmay_temple_entry_antechambers, uniq_prince_ribbit1, uniq_maurice
D:8:      layout_rooms, grunt_dithmenos_shadows, uniq_erica

Skill      XL: |  1  2  3  4  5  6  7  8  9 |
---------------+----------------------------+-----
Throwing       | 2 |  2.0
Long Blades    | 3 4 |  4.3
Dodging        | 3 |  3.0
Fighting       | 3 4 5 6 7 8 |  8.9
Stealth        | 1 2 3 5 |  5.0
Unarmed Combat | 2 3 5 7 |  7.0

Action                     |  1- 3 |  4- 6 |  7- 9 || total
---------------------------+-------+-------+-------++-------
  Melee: Long sword        |   145 |   129 |    78 ||   352
         Touch             |       |    12 |    63 ||    75
         Unarmed           |       |       |   193 ||   193
         Punch             |       |       |    12 ||    12
  Throw: Throwing net      |       |     1 |     3 ||     4
 Invoke: Sacrifice Artific |       |       |     1 ||     1
    Use: Potion            |       |       |     7 ||     7
         Scroll            |       |       |     8 ||     8
   Stab: Sleeping          |       |     5 |    16 ||    21
         Distracted        |       |       |     2 ||     2
 Armour: Ring mail         |    99 |    81 |   201 ||   381
  Dodge: Dodged            |   148 |   109 |   139 ||   396

Table legend: (Time is in decaauts)
 A = Elapsed time spent in this place.
 B = Non-inter-level travel time spent in this place.
 C = Inter-level travel time spent in this place.
 D = Time resting spent in this place.
 E = Time spent auto-exploring this place.
 F = Levels seen in this place.
 G = Mean time per level.
                   A        B        C        D        E       F      G
               +--------+--------+--------+--------+--------+-----+--------+
         Total |   7341 |   7148 |    193 |   1500 |   4164 |   8 |  917.6 |
       Dungeon |   7341 |   7148 |    193 |   1500 |   4164 |   8 |  917.6 |
               +--------+--------+--------+--------+--------+-----+--------+

Top non-repeatable levels by time:
     D:7: 1349 daAuts
     D:4: 1268 daAuts
     D:6: 1086 daAuts
     D:5: 941 daAuts
     D:2: 806 daAuts
     D:3: 762 daAuts
     D:1: 736 daAuts
     D:8: 391 daAuts
